 Dungeon Crawl Stone Soup version 0.30-a0-371-gad7725a93e (webtiles) character file.

Game seed: 6363611739722626928

45 Bnni the Shield-Bearer (level 3, 0/30 HPs)
             Began as a Formicid Fighter on Nov 20, 2022.
             Slain by a gnoll bouda
             ... wielding a +0 whip
              (4 damage)
             ... on level 2 of the Dungeon.
             The game lasted 00:01:59 (820 turns).

Bnni the Shield-Bearer (Formicid Fighter)            Turns: 820, Time: 00:02:00

Health: 0/30       AC:  6    Str: 22    XL:     3   Next: 90%
Magic:  3/3        EV:  9    Int:  7    God:
Gold:   62         SH:  5    Dex: 13    Spells: 2/2 levels left

rFire   . . .      SeeInvis +    a - +0 trident
rCold   . . .      Faith    .    c - +0 buckler
rNeg    . . .      Spirit   .    b - +0 scale mail
rPois   .          Reflect  .    (helmet unavailable)
rElec   .          Harm     .    (no cloak)
rCorr   .          Rampage  .    (no gloves)
Will    .....                    (no boots)
Stlth   ..........               (no amulet)
HPRegen 0.25/turn                (no ring)
MPRegen 0.08/turn                (no ring)

@: weakened
A: permanent stasis, dig shafts and tunnels, antennae 3, four strong arms
a: Dig, Shaft Self


You were on level 2 of the Dungeon.
You visited 1 branch of the dungeon, and saw 2 of its levels.

You collected 62 gold pieces.

Inventory:

Hand Weapons
 a - a +0 trident (weapon)
Missiles
 e - 3 boomerangs
Armour
 b - a +0 scale mail (worn)
 c - a +0 buckler (worn)
Scrolls
 f - a scroll of blinking {unknown}
 g - a scroll of teleportation {unknown}
Potions
 d - a potion of might
 h - a potion of curing {unknown}
 i - a potion of haste {unknown}


   Skills:
 + Level 3.7 Fighting
 * Level 3.1 Polearms
 - Level 3.2 Armour
 + Level 4.5 Shields


You had 2 spell levels left.
You didn't know any spells.
Your spell library contained the following spells:

 Spells                   Type           Power      Damage    Failure   Level
 Gell's Gravitas          Tloc           0%         N/A       99%         3
 Lesser Beckoning         Tloc           0%         N/A       99%         3
 Teleport Other           Tloc           0%         N/A       99%         3


Dungeon Overview and Level Annotations

Branches:
Dungeon (2/15)

Altars:


Innate Abilities, Weirdness & Mutations

You cannot be hasted, slowed, berserked, paralysed or teleported.
You can dig through walls and to a lower floor.
You have a pair of large antennae on your head. (SInv)
Your four strong arms can wield two-handed weapons with a shield.


Message History

You puncture the adder!
The adder is almost dead.
The adder bites you but does no damage. The adder completely misses you.
You hit the adder.
You kill the adder!
You swing at nothing.
You swing at nothing.
Your attacks no longer feel as feeble.
You closely miss the gnoll bouda.
The gnoll bouda hits you but does no damage.
You puncture the gnoll bouda!
The gnoll bouda is moderately wounded.
You block the gnoll bouda's attack.
You barely miss the gnoll bouda.
The gnoll bouda is moderately wounded.
You block the gnoll bouda's attack.
The gnoll bouda gazes fiercely through you!
You feel your attacks grow feeble.
The gnoll bouda hits you but does no damage.
You barely miss the gnoll bouda.
The gnoll bouda is moderately wounded.
The gnoll bouda gazes fiercely through you!
You feel as though you will be weak longer.
The gnoll bouda hits you with a +0 whip.
You barely miss the gnoll bouda.
The gnoll bouda is moderately wounded.
The gnoll bouda hits you with a +0 whip.
* * * LOW HITPOINT WARNING * * *
You closely miss the gnoll bouda.
The gnoll bouda is moderately wounded.
The gnoll bouda barely misses you.
You closely miss the gnoll bouda.
The gnoll bouda is moderately wounded.
You block the gnoll bouda's attack.
The gnoll bouda hits you with a +0 whip.
* * * LOW HITPOINT WARNING * * *
You barely miss the gnoll bouda.
The gnoll bouda is moderately wounded.
The gnoll bouda hits you with a +0 whip.
You die...

####### ~~~~~~~
~~...~~ ###~.:#
.######.g..#
.......@#~..#
#.......#~~...~~
#.......#~~~~~~~
#.......########
#........##....#
#.......#####..#
##.......###...#
#............#.#
#...........##.##


You could see a gnoll bouda.

Vanquished Creatures
  An adder (D:2)
  A dart slug (D:1)
  3 endoplasms (D:1)
  5 goblins (D:1)
  3 hobgoblins (D:1)
  8 jackals (D:1)
  4 ball pythons (D:1)
  3 frilled lizards (D:1)
  2 kobolds (D:1)
  2 rats
32 creatures vanquished.

Notes
Turn   | Place    | Note
-------+----------+-------------------------------------------
     0 | D:1      | Bnni the Formicid Fighter began the quest for the Orb.
     0 | D:1      | Reached XP level 1. HP: 18/18 MP: 1/1
   133 | D:1      | Reached XP level 2. HP: 19/24 MP: 2/2
   386 | D:1      | Reached XP level 3. HP: 29/29 MP: 3/3
   820 | D:2      | Slain by a gnoll bouda

Illustrated notes

Levels and vault maps discovered:
D:1:      lightli_arrival_noodles, layout_loops_ring, minmay_octomino_j4
D:2:      layout_rooms, kennysheep_decorative_pillar, kennysheep_generic_room_8,
          uniq_crazy_yiuf_cottage

Skill      XL: |  1  2  3 |
---------------+----------+-----
Polearms       | 3 |  3.1
Fighting       | |  3.7
Armour         | |  3.2
Shields        | |  4.5

Action                   || total
-------------------------++-------
Melee: Trident           ||   105
Armor: Scale mail        ||    30
Dodge: Dodged            ||    32
Block: Buckler           ||    17

Table legend: (Time is in decaauts)
 A = Elapsed time spent in this place.
 B = Non-inter-level travel time spent in this place.
 C = Inter-level travel time spent in this place.
 D = Time resting spent in this place.
 E = Time spent auto-exploring this place.
 F = Levels seen in this place.
 G = Mean time per level.
                   A        B        C        D        E       F      G
               +--------+--------+--------+--------+--------+-----+--------+
         Total |    839 |    772 |     67 |      0 |    563 |   2 |  419.5 |
       Dungeon |    839 |    772 |     67 |      0 |    563 |   2 |  419.5 |
               +--------+--------+--------+--------+--------+-----+--------+

Top non-repeatable levels by time:
     D:1: 784 daAuts
     D:2: 55 daAuts
